 Dungeon Crawl Stone Soup version 0.18.1-47-g9310371 (webtiles) character file.

3701 Firecrotchwizard the Cleaver (level 9, 0/86 HPs)
             Began as a Minotaur Berserker on June 15, 2016.
             Was a High Priest of Trog.
             Slain by Gastronok (31 damage)
             ... on level 2 of the Lair of Beasts.
             The game lasted 00:28:27 (6144 turns).

Firecrotchwizard the Cleaver (Minotaur Berserker)   Turns: 6144, Time: 00:28:28

Health: 0/86       AC: 13    Str: 27    XL:     9   Next: 91%
Magic:  2/2        EV:  8    Int:  4    God:    Trog [*****.]
Gold:   344        SH:  0    Dex: 12    Spells: 0 memorised, 8 levels left

rFire  . . .     SeeInvis .     O - +5 rapier (antimagic)
rCold  . . .     Gourm    .     I - +0 plate armour
rNeg   . . .     Faith    .     (no shield)
rPois  .         Spirit   .     K - +0 hat "Kegrov" {Str+4}
rElec  .         Dismiss  .     (no cloak)
rCorr  .         Reflect  .     (no gloves)
SustAt .         Harm     .     (no boots)
MR     ++...     Clarity  +     k - amulet of regeneration
Stlth  ..........               (no ring)
                                (no ring)

@: regenerating, slowed, very slow, very resistant to hostile enchantments,
extremely unstealthy
A: retaliatory headbutt, horns 2, clarity
a: Berserk, Trog's Hand, Brothers in Arms, Burn Spellbooks, Renounce Religion


You were on level 2 of the Lair of Beasts.
You worshipped Trog.
Trog was extremely pleased with you.
You were not hungry.

You visited 2 branches of the dungeon, and saw 10 of its levels.

You collected 344 gold pieces.

Inventory:

Hand Weapons
 a - a +0 mace
 g - a +1 hand axe of freezing
 n - a +2 hand axe of electrocution
 A - a +0 glaive
 D - the +4 rapier of the First Songs {flame, *Rage rPois rN+ Str+2}
   (You found it on level 8 of the Dungeon)

   It has been specially enchanted to burn those struck by it, causing extra
   injury to most foes and up to half again as much damage against particularly
   susceptible opponents.
   It affects your strength (+2).
   It protects you from poison.
   It protects you from negative energy.
   It may make you go berserk in combat.
 E - a cursed +2 falchion
 G - a +3 falchion
 O - a +5 antimagic rapier (weapon)
Armour
 b - a +0 animal skin
 f - a +0 ring mail
 t - a +0 scale mail
 z - a +0 plate armour
 I - a +0 plate armour (worn)
 K - the +0 hat "Kegrov" (worn) {Str+4}
   (You found it on level 1 of the Lair of Beasts)

   It affects your strength (+4).
Jewellery
 k - an amulet of regeneration (around neck)
Wands
 l - a wand of confusion (38/48)
 y - a wand of teleportation (3/9)
 F - a wand of slowing (22/48)
 J - a wand of lightning (3/15)
 L - a wand of flame (26/48)
 M - a wand of polymorph (4/24)
Scrolls
 d - 2 scrolls of recharging
 e - 2 scrolls of remove curse
 j - 4 scrolls of identify
 m - 4 scrolls of blinking
 q - a scroll of random uselessness
 v - a scroll of fear {unknown}
 w - 4 scrolls of teleportation
 B - a scroll of magic mapping {unknown}
 C - 2 scrolls of noise {unknown}
 P - a scroll of immolation {unknown}
Potions
 h - 2 potions of brilliance {unknown}
 i - 3 potions of curing {unknown}
 r - a potion of invisibility {unknown}
 u - a potion of lignification {unknown}
 x - 2 potions of magic {unknown}
 N - a potion of resistance {unknown}
Books
 p - a book of Power

   Spells                             Type                      Level
   a - Fulminant Prism                Conjuration/Hexes            4
   b - Iskenderun's Mystic Blast      Conjuration                  4
   c - Venom Bolt                     Conjuration/Poison           5
   d - Bolt of Magma                  Conjuration/Fire/Earth       5
   e - Iron Shot                      Conjuration/Earth            6
   f - Orb of Destruction             Conjuration                  7
   g - Spellforged Servitor           Conjuration/Summoning        7
   Trog disapproves of the use of such an item.
 H - a book of Maledictions

   Spells                             Type                      Level
   a - Corona                         Hexes                        1
   b - Ensorcelled Hibernation        Hexes/Ice                    2
   c - Confuse                        Hexes                        3
   d - Tukima's Dance                 Hexes                        3
   e - Dazzling Spray                 Conjuration/Hexes            3
   Trog disapproves of the use of such an item.
Comestibles
 c - 5 bread rations
 o - 10 fruits
 s - 2 slices of pizza


   Skills:
 + Level 10.5 Fighting
 * Level 4.3 Short Blades
 - Level 10.5(10.8) Axes
 - Level 4.2(8.0) Maces & Flails
 + Level 7.2 Armour
 - Level 2.1 Dodging


You had 8 spell levels left.
You didn't know any spells.

Dungeon Overview and Level Annotations

Branches:
Dungeon (8/15)               Lair (2/8) D:8
 Temple: D:4-7

Altars:
Cheibriados
Fedhas
Qazlal
Ru
Trog

Annotations:
Lair:2 Gastronok


Innate Abilities, Weirdness & Mutations

You reflexively headbutt those who attack you in melee.
You have a pair of horns on your head.
You possess an exceptional clarity of mind.


Message History

Gastronok closely misses you. You furiously retaliate!
You headbutt Gastronok! You completely miss Gastronok.
Gastronok is lightly wounded.
Gastronok waves his eye-stalks in wide circles.
The air twists around and strikes you!
You hit Gastronok.
Gastronok's magic leaks into the air.
Gastronok is lightly wounded.
You hit Gastronok.
Gastronok's magic leaks into the air.
You headbutt Gastronok, but do no damage.
Gastronok is lightly wounded.
Gastronok bites you!!
You puncture Gastronok!
Gastronok's magic leaks into the air.
Gastronok is lightly wounded.
Gastronok bites you!
You hit Gastronok.
Gastronok's magic leaks into the air.
Gastronok is moderately wounded.
You puncture Gastronok!
Gastronok's magic leaks into the air.
Gastronok is moderately wounded.
Gastronok bites you!!
You die...

##...#.#....##..#
#........#..#P.P#
..........#.##......#
##P#..P...####.....##
#.#..#.# ##.#..#
#..####.# ##...## ##
### #.....#
.#P.P#P....#
......<@#..#
.P#...#w#.##
..........#
.##..P#.#.# #.###.#.#
.. ....# #####


You could see Gastronok.

Vanquished Creatures
  Prince Ribbit (D:8)
  A wraith (D:7)
  Grum (D:8)
  Menkaure (D:7)
  2 orc warriors
  A sky beast (D:8)
  An ice beast (D:5)
  3 black bears (D:8)
  A phantom (D:7)
  4 wolves (D:8)
  A centaur (D:7)
  2 big kobolds
  A giant frog (D:7)
  A gnoll sergeant (D:5)
  3 scorpions
  5 wights (D:8)
  3 howler monkeys (D:8)
  A crimson imp (D:5)
  8 hounds
  A centaur skeleton (D:7)
  6 orc priests
  An iguana (D:7)
  4 worker ants
  8 orc wizards
  2 worker ant zombies
  7 gnolls
  10 adders
  10 river rats (Lair:2)
  A shadow imp (D:5)
  3 worms
  2 dart slugs (D:3)
  3 giant geckos
  11 orcs
  8 bats
  4 giant cockroaches
  8 goblins
  6 hobgoblins
  15 jackals
  21 kobolds
  4 quokkas
  2 ball pythons
  5 giant newts
  10 rats
193 creatures vanquished.

Notes
Turn   | Place    | Note
--------------------------------------------------------------
     0 | D:1      | Firecrotchwizard the Minotaur Berserker began the quest for the Orb.
     0 | D:1      | Reached XP level 1. HP: 19/19 MP: 0/0
   155 | D:1      | Reached XP level 2. HP: 14/27 MP: 1/1
   442 | D:1      | Reached ** piety under Trog
   513 | D:1      | Reached skill level 1 in Axes
   620 | D:1      | Reached XP level 3. HP: 31/34 MP: 2/2
  1102 | D:2      | Found a stormy altar of Qazlal.
  1164 | D:2      | Reached skill level 5 in Fighting
  1249 | D:2      | Reached XP level 4. HP: 42/42 MP: 3/3
  1355 | D:3      | Reached *** piety under Trog
  1495 | D:3      | Reached XP level 5. HP: 49/49 MP: 4/4
  1966 | D:4      | Found a snail-covered altar of Cheibriados.
  2045 | D:4      | Reached XP level 6. HP: 50/58 MP: 5/5
  2391 | D:4      | Reached skill level 5 in Axes
  2641 | D:5      | Entered Level 5 of the Dungeon
  2651 | D:5      | Reached **** piety under Trog
  2651 | D:5      | Reached XP level 7. HP: 66/66 MP: 6/6
  3502 | D:7      | Reached XP level 8. HP: 60/74 MP: 7/7
  3985 | D:7      | Noticed Menkaure
  3993 | D:7      | Killed Menkaure
  3993 | D:7      | Reached skill level 10 in Axes
  4678 | D:8      | Got a fine rapier
  4722 | D:8      | Identified the +4 rapier of the First Songs {flame, *Rage rPois rN+ Str+2} (You found it on level 8 of the Dungeon)
  4867 | D:8      | Reached XP level 9. HP: 83/83 MP: 8/8
  4957 | D:8      | Reached skill level 1 in Short Blades
  5043 | D:8      | Gained mutation: You possess an exceptional clarity of mind. [mutagenic meat]
  5236 | D:8      | Noticed a moth of wrath
  5237 | D:8      | Noticed Grum
  5244 | D:8      | Reached skill level 5 in Armour
  5265 | D:8      | Killed Grum
  5265 | D:8      | Reached skill level 10 in Fighting
  5365 | D:8      | Found a bloodstained altar of Trog.
  5511 | D:8      | Noticed Prince Ribbit
  5515 | D:8      | Reached ***** piety under Trog
  5665 | D:8      | Found a staircase to the Lair.
  5795 | D:8      | Killed Prince Ribbit
  5801 | D:8      | Found a sacrificial altar of Ru.
  5801 | D:8      | Found a blossoming altar of Fedhas.
  5965 | Lair:1   | Entered Level 1 of the Lair of Beasts
  6027 | Lair:1   | Got a dazzling hat
  6033 | Lair:1   | Identified the cursed +0 hat "Kegrov" {Str+4} (You found it on level 1 of the Lair of Beasts)
  6069 | Lair:1   | You fall through a shaft!
  6080 | Lair:2   | Received a gift from Trog
  6132 | Lair:2   | Noticed Gastronok
  6144 | Lair:2   | Slain by Gastronok

Skill      XL: |  1  2  3  4  5  6  7  8  9 |
---------------+----------------------------+-----
Fighting       | 4 5 6 7 8 9 10 | 10.5
Maces & Flails | 4 |  4.2
Axes           | 1 2 3 4 5 8 10 | 10.5
Armour         | 3 7 |  7.2
Short Blades   | 4 |  4.3
Dodging        | |  2.1

Action                   |  1- 3 |  4- 6 |  7- 9 || total
-------------------------+-------+-------+-------++-------
Melee: Mace              |    17 |       |       ||    17
       Headbutt          |    13 |    19 |    55 ||    87
       Hand axe          |    58 |   110 |   126 ||   294
       Rapier            |       |       |   161 ||   161
Invok: Berserk           |       |     1 |     2 ||     3
       Trog's Hand       |       |     3 |     1 ||     4
  Use: Scroll            |       |     1 |     6 ||     7
       Potion            |       |     1 |       ||     1
  Eat: Chunk             |       |     7 |     8 ||    15
       Fruit             |       |       |     2 ||     2
       Meat ration       |       |       |     2 ||     2
Armor: Animal skin       |     3 |       |       ||     3
       Ring mail         |    24 |    24 |       ||    48
       Scale mail        |       |    20 |    17 ||    37
       Plate armour      |       |       |   110 ||   110
Dodge: Dodged            |    48 |    65 |   105 ||   218
